 Dungeon Crawl Stone Soup version 0.31.0-9-g3a7656b989 (webtiles) character file.

Game seed: 13646848565471344954

60 qw the Shooter (level 3, -4/18 HPs)
             Began as a Spriggan Hunter on Feb 2, 2024.
             Slain by an orc
             ... wielding a +1 whip of distortion
              (20 damage)
             ... on level 3 of the Dungeon.
             The game lasted 00:00:04 (1412 turns).

qw the Shooter (Spriggan Hunter)                    Turns: 1412, Time: 00:00:05

Health: -4/18      AC:  2    Str:  7    XL:     3   Next: 80%
Magic:  4/4        EV: 19    Int: 10    God:
Gold:   96         SH:  0    Dex: 20    Spells: 2/2 levels left

rFire   . . .        a - +0 shortbow
rCold   . . .        (shield currently unavailable)
rNeg    . . .        c - +0 robe
rPois   +            (helmet restricted)
rElec   .            (no cloak)
rCorr   .            (gloves unavailable)
SInv    +            (boots unavailable)
Will    .....        (no amulet)
Stlth   ++           e - ring of poison resistance
HPRegen 0.23/turn    (no ring)
MPRegen 0.09/turn

%: no passive effects
@: very quick
A: very small, no large weapons, unfitting armour, see invisible, speed 3
a: no special abilities


You were on level 3 of the Dungeon.
You visited 1 branch of the dungeon, and saw 3 of its levels.

You collected 96 gold pieces.


Innate Abilities, Weirdness & Mutations

You are very small and have problems with some larger weapons.
You are too small for most types of armour.
You have supernaturally acute eyesight. (SInv)
You cover ground extremely quickly. (Speed+++)


   Skills:
 - Level 1.5 Fighting
 + Level 4.8 Ranged Weapons
 - Level 4.2 Dodging
 - Level 1.5 Stealth


You had 2 spell levels left.
You didn't know any spells.
Your spell library was empty.

Inventory:

Hand Weapons
 a - a +0 shortbow (weapon)
Armour
 c - a +0 robe (worn)
Jewellery
 e - a ring of poison resistance (left hand)
Wands
 g - a wand of charming (12)
Scrolls
 b - a scroll of teleportation
Potions
 d - a potion of might
 f - a potion of curing {unknown}
 h - a potion of heal wounds {unknown}
 i - a potion of brilliance {unknown}
 k - a potion of degeneration {unknown}

Dungeon Overview and Level Annotations

Branches:
Dungeon (3/15)

Altars:


Message History

You open the large door.
Found a ring mail.
There is a large open door here.
You open the large door.
There is a large open door here.
There is a large open door here.
You see here a +0 club.
There is an open door here.
You open the door.
There is an open door here.
You open the door.
There is an open door here.
Done exploring.
Done exploring.
1353 ||| UPGRADING to ring of poison resistance.
e - a ring of poison resistance (left hand) Done exploring.
1354 ||| DRINKING 2 green potions.
It was a potion of attraction.
You feel attractive to monsters.
Done exploring.
1355 ||| DROPPING potion of attraction.
You drop a potion of attraction.
Done exploring.
What level of the Dungeon? (default 2, ? - help)
There is an open door here.
There is a stone staircase leading down here.
You climb downwards.
There is a stone staircase leading up here.
Waypoint 2 assigned to D:3.
You feel less attractive to monsters.
An orc comes into view. It is wielding a +1 whip of distortion.
Found a ring mail.
The orc shouts!
You shoot an arrow. The arrow completely misses the orc.
Found 6 poisoned darts.
You shoot an arrow. The arrow hits the orc.
The orc is almost dead.
The orc hits you with a +1 whip of distortion.
Space warps horribly around you!!
Ouch! That really hurt!
You die...

#### ... #.#
################.#######
................@.......
################o#######
.... .#.### #(#.# # #.#
#[# #.# #######


You could see an orc.

Vanquished Creatures
  2 adders (D:2)
  2 dart slugs (D:2)
  A ribbon worm (D:2)
  4 endoplasms
  A giant cockroach (D:2)
  2 goblins
  3 hobgoblins
  2 jackals (D:2)
  2 quokkas
  8 ball pythons
  2 bats
  2 kobolds
  5 rats
36 creatures vanquished.

Notes
Turn   | Place    | Note
-------+----------+-------------------------------------------
     0 | D:1      | qw the Spriggan Hunter began the quest for the Orb.
     0 | D:1      | Reached XP level 1. HP: 10/10 MP: 2/2
     0 | D:1      | 0 ||| qw: Version: 0.3-a-155-g5e7d8dd
     0 | D:1      | 0 ||| qw: Game counter: 1338
     0 | D:1      | 0 ||| qw: Melee chars always use a shield: true
     0 | D:1      | 0 ||| qw: God list: Okawaru
     0 | D:1      | 0 ||| qw: Allow faded altars: false
     0 | D:1      | 0 ||| qw: Do Orc after clearing Dungeon:15 true
     0 | D:1      | 0 ||| qw: Do second Lair branch before Depths: true
     0 | D:1      | 0 ||| qw: Lair rune preference: random
     0 | D:1      | 0 ||| qw: Goals: Normal
     0 | D:1      | 0 ||| PLANNING D:1-11
    41 | D:1      | Reached skill level 3 in Dodging
   748 | D:1      | Reached XP level 2. HP: 14/14 MP: 3/3
   851 | D:1      | 851 ||| READING scroll labelled KECOH BIEZIY.
   851 | D:1      | 851 ||| ENCHANTING +0 shortbow.
   852 | D:1      | 852 ||| READING scroll labelled PAIDIZXORI.
   857 | D:1      | 857 ||| DROPPING scroll of butterflies.
   889 | D:2      | 889 ||| RETREEEEATING.
   891 | D:2      | 891 ||| RETREEEEATING.
   929 | D:2      | Reached XP level 3. HP: 18/18 MP: 4/4
  1003 | D:2      | 1003 ||| STAIRDANCE
  1006 | D:1      | 1006 ||| DRINKING 2 bubbling ruby potions.
  1353 | D:2      | 1353 ||| UPGRADING to ring of poison resistance.
  1354 | D:2      | 1354 ||| DRINKING 2 green potions.
  1355 | D:2      | 1355 ||| DROPPING potion of attraction.
  1412 | D:3      | Slain by an orc

Levels and vault maps discovered:
D:1:      ncdulo_lavacross, layout_loops_corners
D:2:      layout_rooms, kennysheep_another_room, kennysheep_cross_room
D:3:      cheibrodos_thug_alley, layout_basic, ebering_ghost_gozag,
          minmay_vboxes

Skill      XL: |  1  2 |
---------------+-------+-----
Dodging        | 3 4 |  4.2
Fighting       | |  1.5
Ranged Weapons | |  4.8
Stealth        | |  1.5

Action                     || total
---------------------------++-------
   Fire: Shortbow          ||    91
    Use: Scroll            ||     2
         Potion            ||     2
 Armour: Robe              ||     7
  Dodge: Dodged            ||    20

Table legend:
 A = Non-vault XP
 B = Vault XP
 C = Vault XP percentage of total XP
 D = Non-vault monster count
 E = Vault monster count
 F = Vault count percentage of total count
                 A         B        C        D         E       F
            +---------+---------+-------+---------+---------+-------
      Total |      86 |       0 |   0.0 |      36 |       0 |   0.0
            +---------+---------+-------+---------+---------+-------
        D:1 |      14 |       0 |   0.0 |      10 |       0 |   0.0
        D:2 |      72 |       0 |   0.0 |      26 |       0 |   0.0
            +---------+---------+-------+---------+---------+-------
